 Dungeon Crawl Stone Soup version 0.17-a0-2231-gd80ca38 (webtiles) character file.

288 Raultor the Covert (level 6, -2/30 HPs)
             Began as a Vine Stalker Assassin on Oct 29, 2015.
             Killed from afar by Ijyb (8 damage)
             ... with a wand of flame
             ... on level 3 of the Dungeon.
             The game lasted 00:05:29 (1443 turns).

Raultor the Covert (Vine Stalker Assassin)          Turns: 1443, Time: 00:05:29

Health: -2/30      AC:  4    Str: 13    XL:     6   Next: 31%
Magic:  0/7        EV: 11    Int: 11    God:
Gold:   159        SH:  0    Dex: 18    Spells: 0 memorised, 5 levels left

rFire  . . .     SeeInvis .     a - +2 dagger
rCold  . . .     Clarity  .     c - +0 robe
rNeg   . . .     SustAt   .     (no shield)
rPois  .         Gourm    .     (no helmet)
rElec  .         Spirit   +     d - +0 cloak
rCorr  .         Warding  .     (no gloves)
rMut   .         Stasis   .     j - +0 pair of boots
MR     .....                    (no amulet)
Stlth  ++++......               (no ring)
                                (no ring)

@: not resistant to hostile enchantments, stealthy
A: fangs 2, regeneration 2, magic shield, antimagic bite, no device heal 3, rot
immunity
a: no special abilities


You were on level 3 of the Dungeon.
You were not hungry.

You visited 1 branch of the dungeon, and saw 3 of its levels.

You collected 159 gold pieces.

Inventory:

Hand Weapons
 a - a +2 dagger (weapon)
 b - a +0 blowgun
 k - a +0 dagger of holy wrath
 m - a +3 short sword
Missiles
 e - 5 poisoned needles
 f - 2 curare-tipped needles
Armour
 c - a +0 robe (worn)
 d - a +0 cloak (worn)
 j - a +0 pair of boots (worn)
Jewellery
 n - an uncursed ring of protection from cold {unknown}
 q - an uncursed ring of wizardry {unknown}
Scrolls
 h - 2 scrolls of remove curse {unknown}
 i - a scroll of recharging {unknown}
 l - 2 scrolls of identify {unknown}
 o - 2 scrolls of enchant weapon {unknown}
 p - 2 scrolls of magic mapping {unknown}
 r - 2 scrolls of enchant armour {unknown}
Potions
 s - a potion of curing {unknown}
Books
 t - a book of Unlife

   Spells                             Type                      Level
   a - Recall                         Summoning/Translocation      3
   b - Animate Dead                   Necromancy                   4
   c - Control Undead                 Necromancy                   4
   d - Cigotuvi's Embrace             Necromancy                   5
   e - Death Channel                  Necromancy                   6
   f - Simulacrum                     Ice/Necromancy               6
Comestibles
 g - 4 bread rations
 u - 5 chunks of flesh
 v - a slice of pizza


   Skills:
 - Level 1.7 Fighting
 - Level 1.7 Short Blades
 - Level 1.7 Throwing
 - Level 0.7 Dodging
 + Level 9.4 Stealth


You had 5 spell levels left.
You didn't know any spells.

Dungeon Overview and Level Annotations

Branches:
Dungeon (3/15)

Altars:

Annotations:
D:3 Ijyb


Innate Abilities, Weirdness & Mutations

You have extremely sharp teeth.
You heal very quickly.
When hurt, damage is shared between your health and your magic reserves.
Your bite disrupts and absorbs the magic of your enemies.
Potions and wands cannot restore your health.
You are immune to rotting.


Message History

You barely miss the orc.
The orc is severely wounded.
You closely miss the orc. Your bite misses the orc.
The orc is severely wounded.
The orc hits you with a war axe.
* * * LOW HITPOINT WARNING * * *
You hit the orc but do no damage. Your bite misses the orc.
The orc is severely wounded.
The orc hits you with a war axe!
* * * LOW HITPOINT WARNING * * *
You see here a ring mail.
What do you say? t - Shout!
Orders for allies: a - Attack new target. r - Retreat! s - Stop attacking. w - Wait here. f - Follow me.
Anything else - Stay silent.
Okay, then.
Ijyb zaps a wand.
The puff of flame hits you!
You die...

.....## #.##.# #.
..#...#
#....#######...
....#.#
###....)>......
...##.# ###..<......#
.>.##.######
#..........
.#.........#
#(.........
.#.........#
#..###.####
.#.........# ##.# .#
...........## #@# .
............####.## .
##
...............#o.#
.. #...
<..........###.##.###
...# <..........#
#....g.#####..#...
#.##########
####.#...[.)...# #.#
#..######...... ..#
##o.. !.... ### #####
...#


You could see Ijyb and 2 orcs.

Vanquished Creatures
  Sigmund (D:3)
  An orc priest (D:3)
  An iguana (D:3)
  An adder (D:2)
  3 oozes (D:1)
  3 worms
  2 giant geckos
  2 orcs (D:3)
  5 bats
  7 goblins
  4 hobgoblins
  A quokka (D:3)
  A ball python (D:2)
  3 giant cockroaches
  4 giant newts
  4 kobolds
  7 rats
50 creatures vanquished.

Notes
Turn   | Place    | Note
--------------------------------------------------------------
     0 | D:1      | Raultor the Vine Stalker Assassin began the quest for the Orb.
     0 | D:1      | Reached XP level 1. HP: 11/11 MP: 2/2
    49 | D:1      | Reached skill level 5 in Stealth
   127 | D:1      | Reached XP level 2. HP: 15/15 MP: 3/3
   210 | D:1      | Reached skill level 6 in Stealth
   210 | D:1      | Reached XP level 3. HP: 10/18 MP: 4/4
  1005 | D:2      | Reached XP level 4. HP: 14/23 MP: 3/5
  1105 | D:2      | Reached skill level 7 in Stealth
  1290 | D:3      | Noticed Sigmund
  1293 | D:3      | Killed Sigmund
  1293 | D:3      | Reached skill level 9 in Stealth
  1293 | D:3      | Reached XP level 5. HP: 26/26 MP: 6/6
  1293 | D:3      | Gained mutation: You heal very quickly. [Vine Stalker growth]
  1293 | D:3      | Reached XP level 6. HP: 30/30 MP: 7/7
  1412 | D:3      | Noticed Ijyb
  1443 | D:3      | Killed from afar by Ijyb

Vault maps used:
D:1:      lemuel_arrival_room
D:2:      first_bread
D:3:      hex_tiny, uniq_natasha, uniq_iyjb, uniq_sigmund

Action                   |  1- 3 |  4- 6 || total
-------------------------+-------+-------++-------
Melee: Dagger            |    89 |    51 ||   140
 Fire: Blowgun           |     1 |     7 ||     8
 Stab: Sleeping          |    10 |     4 ||    14
  Eat: Chunk             |       |     2 ||     2
